 Dungeon Crawl Stone Soup version 0.30.1-11-g7821555f0a (webtiles) character file.

Game seed: 13798786895189695995

5259 anacleto the Skirmisher (level 10, -9/88 HPs)
             Began as a Minotaur Hunter on Dec 12, 2023.
             Was a Priest of Fedhas.
             Killed by the air
             ... invoked by Gastronok
              (25 damage)
             ... on level 9 of the Dungeon.
             The game lasted 00:25:40 (8185 turns).

anacleto the Skirmisher (Minotaur Hunter)           Turns: 8185, Time: 00:25:41

Health: -9/88      AC:  8    Str: 16    XL:     10   Next: 36%
Magic:  9/9        EV: 16    Int:  6    God:    Fedhas [***...]
Gold:   531        SH:  5    Dex: 18    Spells: 9/9 levels left

rFire   . . .        a - +0 shortbow
rCold   . . .        (shield currently unavailable)
rNeg    . . .        E - +0 steam dragon scales
rPois   .            (helmet restricted)
rElec   .            y - +1 cloak
rCorr   .            (no gloves)
SInv    .            (no boots)
Will    .....        L - amulet of reflection
Stlth   +++          (no ring)
HPRegen 0.34/turn    (no ring)
MPRegen 0.11/turn

%: reflection
@: slowed, very slow
A: horns 2, retaliatory headbutt
a: Renounce Religion, Wall of Briars, Grow Ballistomycete


You were on level 9 of the Dungeon.
You worshipped Fedhas.
Fedhas was most pleased with you.
You visited 2 branches of the dungeon, and saw 10 of its levels.
You also visited: Sewer.

You collected 531 gold pieces.

Inventory:

Hand Weapons
 a - a +0 shortbow (weapon)
 b - a +1 rapier of venom
Missiles
 j - a throwing net
 F - 5 boomerangs
 G - 18 poisoned darts
 H - 2 atropa-tipped darts
Armour
 c - a +0 leather armour
 y - a +1 cloak (worn)
 E - +0 steam dragon scales (worn)
Jewellery
 g - a ring of flight
 L - an amulet of reflection (around neck)
Wands
 q - a wand of roots (5)
 u - a wand of quicksilver (5)
 x - a wand of flame (27)
 K - a wand of paralysis (4)
Scrolls
 d - a scroll of fear
 e - 2 scrolls of enchant weapon
 f - 8 scrolls of teleportation
 i - 2 scrolls of magic mapping {unknown}
 l - 2 scrolls of enchant armour {unknown}
 o - a scroll of amnesia
 p - 2 scrolls of noise {unknown}
 r - a scroll of immolation
 s - 3 scrolls of summoning
 t - a scroll of brand weapon {unknown}
 v - 2 scrolls of poison {unknown}
 w - 3 scrolls of blinking
 A - 2 scrolls of acquirement {unknown}
 I - a scroll of vulnerability {unknown}
 J - a scroll of fog
Potions
 h - 2 potions of invisibility
 k - 3 potions of haste
 n - 2 potions of flight
 z - a potion of degeneration {unknown}
 B - 2 potions of might {unknown}
 C - 3 potions of heal wounds
 D - 5 potions of curing


   Skills:
 + Level 8.1 Fighting
 * Level 11.0 Ranged Weapons
 + Level 6.4 Armour
 + Level 7.4 Dodging
 + Level 5.8 Stealth


You had 9 spell levels left.
You didn't know any spells.
Your spell library contained the following spells:

 Spells                   Type           Power      Damage    Failure   Level
 Sandblast                Erth           0%         2d4       45%         1
 Summon Small Mammal      Summ           0%         N/A       45%         1
 Cigotuvi's Dreadful Rot  Necr/Pois/Air  0%         N/A       58%         2
 Passwall                 Tmut/Erth      0%         N/A       58%         2
 Call Canine Familiar     Summ           0%         N/A       83%         3
 Ignite Poison            Fire/Tmut/Pois 0%         N/A       83%         3
 Ozocubu's Armour         Ice            0%         N/A       83%         3
 Stone Arrow              Conj/Erth      0%         3d7       83%         3
 Summon Guardian Golem    Hex/Summ       0%         N/A       83%         3
 Anguish                  Hex/Necr       0%         N/A       99%         4
 Cause Fear               Hex            0%         N/A       99%         4
 Olgreb's Toxic Radiance  Pois           0%         N/A       99%         4
 Summon Ice Beast         Ice/Summ       0%         N/A       99%         4
 Freezing Cloud           Conj/Ice/Air   0%         6-21      100%        5
 Metabolic Englaciation   Hex/Ice        0%         N/A       100%        5
 Summon Mana Viper        Hex/Summ       0%         N/A       100%        5
 Simulacrum               Ice/Necr       0%         N/A       100%        6
 Enfeeble                 Hex            0%         N/A       100%        7
 Monstrous Menagerie      Summ           0%         N/A       100%        7
 Discord                  Hex            0%         N/A       100%        8
 Ignition                 Fire           0%         3d3       100%        8


Dungeon Overview and Level Annotations

Branches:
Dungeon (9/15)             Temple (1/1) D:4            Lair (0/5) D:8
  Sewer (visited)
    Orc: D:9-12

Altars:
Fedhas
Makhleb
Ru
Wu Jian

Annotations:
D:9 1 transporter, Gastronok


Innate Abilities, Weirdness & Mutations

You have a pair of horns on your head.
You reflexively headbutt those who attack you in melee.


Message History

Aim: Gastronok, wearing a +1 hat (almost dead, covering ground quickly, 94% to hit)
You shoot an arrow. The arrow hits Gastronok.
Gastronok is almost dead.
Found a stone staircase leading down.
Gastronok waves his eye-stalks in wide circles.
The air twists around and strikes you!
Fire: a) +0 shortbow
Press: ? - help, Q - select action, (/) - cycle Shift-Dir - straight line, f/p - Gastronok
Aim: Gastronok, wearing a +1 hat (almost dead, covering ground quickly, 94% to hit)
You shoot an arrow.
The arrow hits Gastronok but does no damage.
Gastronok is almost dead.
Gastronok gurgles.
Gastronok looks at you and mumbles some strange words.
You barely resist.
Fire: a) +0 shortbow
Press: ? - help, Q - select action, (/) - cycle Shift-Dir - straight line, f/p - Gastronok
Aim: Gastronok, wearing a +1 hat (almost dead, covering ground quickly, 94% to hit)
You shoot an arrow. The arrow hits Gastronok.
Gastronok is almost dead.
Aiming: Fastroot
Press: ? - help, Shift-Dir - straight line, f/p - Gastronok
Aim: Gastronok, wearing a +1 hat (almost dead, covering ground quickly)
The roots erupt in riotous growth!
Roots grab Gastronok.
The grasping roots constrict Gastronok!
The roots release their grip on Gastronok.
Gastronok waves his eye-stalks in wide circles.
The air twists around and strikes you!!
* * * LOW HITPOINT WARNING * * *
Aiming: Quicksilver Bolt
Press: ? - help, Shift-Dir - straight line, f/p - Gastronok
Aim: Gastronok, wearing a +1 hat (almost dead, covering ground quickly, 100% to hit)
The bolt of dispelling energy hits Gastronok!
Gastronok is almost dead.
Gastronok's magical effects unravel!
Gastronok waves his eye-stalks in wide circles.
The air twists around and strikes you!!
You die...
Fedhas appreciates your contribution to the ecosystem.

#.##.##.##
..#.......#
|©........##
..©#.......# #.
######..#### #.....#
. ######.....#
#>..######........<.#
#......@..w##########
#...######## .


You could see Gastronok.

Vanquished Creatures
  A two-headed ogre (D:8)
  Pikel (D:7)
  Maggie (D:7)
  Sigmund (D:3)
  A wyvern (D:7)
  3 steam dragons (D:7)
  A water moccasin (D:6)
  3 orc warriors
  A black bear (D:6)
  An ogre (D:6)
  2 centaurs
  3 lemures (D:6)
  4 bullfrogs
  A scorpion (D:5)
  4 wights
  6 killer bees
  3 howler monkeys
  2 hounds
  3 orc priests
  2 jellies
  Jessica (D:3)
  Terence (D:2)
  5 orc wizards
  Ijyb (D:4)
  An iguana (D:6)
  Natasha (thrice) (D:3)
  3 gnolls (D:7)
  4 river rats (Sewer)
  9 adders
  A white imp (D:6)
  4 worms
  3 dart slugs (D:3)
  29 orcs
  18 ball pythons
  14 endoplasms
  A giant cockroach (D:2)
  7 goblins
  10 hobgoblins
  2 jackals (D:1)
  7 kobolds
  5 quokkas
  12 bats
  10 frilled lizards
  25 rats
220 creatures vanquished.

Vanquished Creatures (collateral kills)
  Prince Ribbit (D:6)
  3 wargs (D:8)
  A sky beast (D:8)
  A scorpion (D:6)
  2 orc priests
  An orc wizard (D:8)
  An ufetubus (D:6)
  4 orcs
14 creatures vanquished.

Vanquished Creatures (others)
  A scorpion (D:5)
  A jelly (D:6)
  A white imp (D:7)
3 creatures vanquished.

Grand Total: 237 creatures vanquished

Notes
Turn   | Place    | Note
-------+----------+-------------------------------------------
     0 | D:1      | anacleto the Minotaur Hunter began the quest for the Orb.
     0 | D:1      | Reached XP level 1. HP: 18/18 MP: 0/0
   139 | D:1      | Reached skill level 1 in Stealth
   195 | D:1      | Reached XP level 2. HP: 25/25 MP: 1/1
   488 | D:1      | Reached XP level 3. HP: 30/30 MP: 2/2
   767 | D:2      | Reached skill level 5 in Ranged Weapons
  1317 | D:3      | Noticed Terence
  1327 | D:2      | Killed Terence
  1328 | D:2      | Reached XP level 4. HP: 27/38 MP: 3/3
  1501 | D:3      | Noticed Sigmund
  1512 | D:3      | Killed Sigmund
  1513 | D:3      | Reached skill level 6 in Ranged Weapons
  1513 | D:3      | Reached XP level 5. HP: 29/46 MP: 4/4
  1663 | D:3      | Noticed Natasha
  1667 | D:3      | Killed Natasha
  1668 | D:3      | Reached XP level 6. HP: 37/52 MP: 5/5
  1801 | D:3      | Noticed Natasha
  1806 | D:3      | Killed Natasha
  1814 | D:3      | Noticed Jessica
  1825 | D:3      | Killed Jessica
  1894 | D:3      | Noticed Natasha
  1902 | D:3      | Killed Natasha
  2345 | D:4      | Noticed Ijyb
  2361 | D:4      | Killed Ijyb
  2446 | D:4      | Found a staircase to the Ecumenical Temple.
  2448 | D:4      | Identified the +5 spear "Cerre" {antimagic, +Blink rPois
                  | Str+4}
  2818 | Temple   | Entered the Ecumenical Temple
  2824 | Temple   | Became a worshipper of Fedhas Madash
  3198 | D:5      | Entered Level 5 of the Dungeon
  3337 | D:5      | Reached XP level 7. HP: 60/60 MP: 6/6
  3581 | D:5      | Reached skill level 7 in Ranged Weapons
  3801 | D:6      | Reached skill level 1 in Armour
  3951 | D:6      | Found a glowing drain.
  3960 | Sewer    | Entered a sewer
  3996 | Sewer    | Reached * piety under Fedhas
  4068 | Sewer    | Reached skill level 5 in Fighting
  4250 | Sewer    | Reached ** piety under Fedhas
  4580 | D:6      | Reached XP level 8. HP: 69/69 MP: 7/7
  4660 | D:6      | Reached skill level 5 in Dodging
  4809 | D:6      | Reached skill level 8 in Ranged Weapons
  5135 | D:6      | Found a sacrificial altar of Ru.
  5198 | D:7      | Reached *** piety under Fedhas
  5584 | D:7      | Noticed Pikel
  5585 | D:7      | Noticed Prince Ribbit
  5869 | D:6      | Killed Prince Ribbit
  5870 | D:6      | Reached skill level 9 in Ranged Weapons
  5870 | D:6      | Reached XP level 9. HP: 76/78 MP: 4/8
  6772 | D:7      | Noticed Maggie
  6791 | D:7      | Killed Maggie
  6811 | D:7      | Killed Pikel
  6812 | D:7      | Reached skill level 10 in Ranged Weapons
  6812 | D:7      | Reached skill level 5 in Armour
  6812 | D:7      | Reached skill level 5 in Stealth
  7310 | D:8      | Found a staircase to the Lair.
  7339 | D:8      | Reached XP level 10. HP: 86/86 MP: 9/9
  7677 | D:8      | Noticed a two-headed ogre
  7698 | D:8      | Killed a two-headed ogre
  7866 | D:8      | Reached skill level 11 in Ranged Weapons
  8073 | D:9      | Found a transporter.
  8092 | D:9      | Noticed Gastronok
  8185 | D:9      | Killed from afar by Gastronok

Illustrated notes

Levels and vault maps discovered:
D:1:      ncdulo_lavacross, layout_loops_ring
D:2:      layout_basic
D:3:      minmay_razor_zed, layout_basic, chequers_serial_rivers_micro_d,
          minmay_fractal_squares_5, uniq_sigmund, uniq_jessica, uniq_natasha,
          uniq_terence
D:4:      layout_rooms, minmay_temple_entry_junction_2, uniq_ijyb
D:5:      layout_basic
D:6:      layout_rooms, general_overflow_altar, cheibrodos_sewer_entry_sluice
D:7:      layout_rooms, uniq_pikel, uniq_maggie, uniq_prince_ribbit1
D:8:      layout_cave_pools, erik_lair_orcish_takeover
D:9:      layout_rooms, nicolae_overflow_crystal_walls,
          chequers_temple_overflow_minitemple, serial_nicolae_subway,
          nicolae_sub_station_metal, nicolae_sub_station_stone,
          nicolae_sub_station_crystal, uniq_harold, uniq_amaemon, uniq_gastronok
Temple:   kb_temple_of_zot

Skill      XL: |  1  2  3  4  5  6  7  8  9 10 |
---------------+-------------------------------+-----
Stealth        | 1 2 3 4 5 |  5.8
Fighting       | 3 4 5 6 7 8 |  8.1
Ranged Weapons | 5 6 7 9 10 11 | 11.0
Dodging        | 3 4 5 6 7 |  7.4
Armour         | 2 4 5 6 |  6.4

Action                     |  1- 3 |  4- 6 |  7- 9 | 10-12 || total
---------------------------+-------+-------+-------+-------++-------
  Melee: Spear             |       |    14 |     4 |       ||    18
         Headbutt          |       |     4 |     2 |       ||     6
         Dagger            |       |     3 |       |       ||     3
         Rapier            |       |       |     6 |       ||     6
   Fire: Shortbow          |   126 |   168 |   345 |   106 ||   745
  Throw: Dart              |       |       |     3 |       ||     3
 Invoke: Wall of Briars    |       |       |     8 |     5 ||    13
  Evoke: Wand              |       |       |     4 |     6 ||    10
    Use: Potion            |       |     2 |     1 |       ||     3
         Scroll            |       |       |    11 |     3 ||    14
 Armour: Leather armour    |    16 |    11 |    49 |       ||    76
         Steam dragon scal |       |       |     9 |     3 ||    12
  Dodge: Dodged            |    29 |    47 |   194 |    32 ||   302
  Block: Other             |       |       |       |     8 ||     8
         Reflection        |       |       |       |     2 ||     2
